 Dungeon Crawl Stone Soup version 0.31-a0-358-gac0dbeb3ab (webtiles) character file.

Game seed: 8358502475650974236

5525 AdnanSaban the Basher (level 10, -19/63 HPs)
             Began as a Gargoyle Fighter on July 25, 2023.
             Was an Elder of Okawaru.
             Killed from afar by an acid dragon (32 damage)
             ... with a splash of acid
             ... on level 9 of the Dungeon.
             The game lasted 00:14:41 (9147 turns).

AdnanSaban the Basher (Gargoyle Fighter)            Turns: 9147, Time: 00:15:11

Health: -19/63     AC: 14    Str: 25    XL:     10   Next: 70%
Magic:  11/11      EV:  7    Int:  8    God:    Okawaru [****..]
Gold:   488        SH: 10    Dex:  9    Spells: 9/9 levels left

rFire   . . .        a - +0 flail
rCold   . . .        c - +0 buckler
rNeg    + . .        l - +0 plate armour
rPois   ∞            v - +0 helmet
rElec   +            E - +0 cloak
rCorr   .            u - +0 pair of gloves
SInv    .            j - +0 pair of boots
Will    .....        H - amulet of reflection Stlth
                     i - ring of flight
HPRegen 0.30/turn    (no ring)
MPRegen 0.12/turn

%: reflection
@: corroded, flying
A: sickness immunity, AC +7, negative energy resistance 1, electricity
resistance, torment resistance 1, petrification resistance
a: Renounce Religion, Heroism, Finesse


You were on level 9 of the Dungeon.
You worshipped Okawaru.
Okawaru was greatly pleased with you.
You visited 2 branches of the dungeon, and saw 11 of its levels.

You collected 488 gold pieces.

Inventory:

Hand Weapons
 a - a +0 flail (weapon)
Missiles
 k - a throwing net
 p - 4 poisoned darts (quivered)
 B - 5 curare-tipped darts
Armour
 c - a +0 buckler (worn)
 j - a +0 pair of boots (worn)
 l - a +0 plate armour (worn)
 u - a +0 pair of gloves (worn)
 v - a +0 helmet (worn)
 E - a +0 cloak (worn)
Jewellery
 i - a ring of flight (left hand)
 H - an amulet of reflection (around neck)
Wands
 F - a wand of polymorph (24)
Scrolls
 e - a scroll of brand weapon {unknown}
 f - 2 scrolls of amnesia {unknown}
 g - 8 scrolls of identify {unknown}
 h - 2 scrolls of immolation {unknown}
 q - 2 scrolls of silence {unknown}
 s - a scroll of noise {unknown}
 t - 3 scrolls of teleportation {unknown}
 y - 2 scrolls of enchant armour {unknown}
 z - 2 scrolls of revelation {unknown}
 A - a scroll of acquirement {unknown}
 G - a scroll of fear {unknown}
 I - a scroll of blinking {unknown}
Potions
 b - 2 potions of attraction {unknown}
 d - 4 potions of might
 m - 5 potions of degeneration {unknown}
 n - a potion of lignification {unknown}
 o - a potion of ambrosia {unknown}
 r - a potion of curing {unknown}
 w - a potion of haste {unknown}
 x - a potion of brilliance {unknown}
 C - 2 potions of heal wounds {unknown}
 D - a potion of cancellation {unknown}


   Skills:
 + Level 7.5 Fighting
 + Level 10.0 Maces & Flails
 + Level 3.7 Throwing
 + Level 8.3 Armour
 + Level 1.5 Dodging
 + Level 7.3 Shields
 * Level 1.8 Invocations


You had 9 spell levels left.
You didn't know any spells.
Your spell library contained the following spells:

 Spells                   Type           Power      Damage    Failure   Level
 Slow                     Hex            0%         N/A       99%         1
 Sting                    Tmut/Pois      0%         1d3       99%         1
 Ensorcelled Hibernation  Hex/Ice        0%         N/A       100%        2
 Poisonous Vapours        Pois/Air       0%         N/A       100%        2
 Confusing Touch          Hex            0%         N/A       100%        3
 Portal Projectile        Hex/Tloc       0%         N/A       100%        3
 Vampiric Draining        Necr           0%         2d6       100%        3
 Anguish                  Hex/Necr       0%         N/A       100%        4
 Leda's Liquefaction      Hex/Erth       0%         N/A       100%        4
 Olgreb's Toxic Radiance  Pois           0%         N/A       100%        4
 Call Canine Familiar     Summ           Unusable   N/A       N/A         3

Dungeon Overview and Level Annotations

Branches:
Dungeon (10/15)            Temple (1/1) D:5
   Lair: D:8-11         Orc: D:9-12

Altars:
Ashenzari
Cheibriados
Dithmenos
Elyvilon
Fedhas
Gozag
Hepliaklqana
Kikubaaqudgha
Makhleb
Nemelex Xobeh
Okawaru
Qazlal
Sif Muna
Trog
Uskayaw
Vehumet
Wu Jian
Xom
Yredelemnul
Zin
The Shining One

Shops:
D:8 [


Innate Abilities, Weirdness & Mutations

You are immune to sickness and miasma.
Your stone body is resilient. (AC +7)
You are immune to poison.
You resist negative energy. (rN+)
You are resistant to electric shocks. (rElec)
You are resistant to unholy torment.
You are immune to petrification.


Message History

The acid dragon claws you but does no damage.
You barely miss the acid dragon.
The acid dragon is moderately wounded.
The acid dragon barely misses you. You block the acid dragon's attack.
You closely miss the acid dragon.
The acid dragon is moderately wounded.
The acid dragon bites you but does no damage.
The acid dragon claws you.
You hit the acid dragon but do no damage.
The acid dragon is heavily wounded.
You hit the acid dragon but do no damage.
The acid dragon is heavily wounded.
The acid dragon spits acid at you. The splash of acid misses you.
You hit the acid dragon but do no damage.
The acid dragon is moderately wounded.
The acid dragon bites you. You block the acid dragon's attack.
You barely miss the acid dragon.
The acid dragon is moderately wounded.
The acid dragon bites you! You block the acid dragon's attack.
The acid dragon attacks as you move away!
The acid dragon closely misses you. The acid dragon claws you.
* * * LOW HITPOINT WARNING * * *
The acid dragon looks more healthy.
The acid dragon attacks as you move away!
The acid dragon bites you but does no damage.
You block the acid dragon's attack.
Things that are here:
6 poisoned darts; a +1 dagger of speed; a kobold corpse The acid dragon attacks as you move away!
The acid dragon bites you.
* * * LOW HITPOINT WARNING * * *
You block the acid dragon's attack.
The acid dragon attacks as you move away!
You block the acid dragon's attack. The acid dragon claws you.
* * * LOW HITPOINT WARNING * * *
The acid dragon spits acid at you. The splash of acid hits you!!
Ouch! That really hurt!
You die...

#.#'##### #.......#
#.......# #.......#
#.......# #(......#
#._8_...# #.......#
#.._4...# #.......#
#.(.....# #.......#
##......# #.......###
#......# ######.........####
#......###.@.D.>......#....)
#......#...####.......######
#......'.### #.......#
#......### #.......#
######## #.......# ##....###
####..##### #.........#
#.........#


You could see an acid dragon (catching breath).

Vanquished Creatures
  A gargoyle (D:10)
  2 kobold demonologists (D:9)
  2 trolls
  Grinder (D:4)
  A hornet (D:8)
  Menkaure (D:5)
  2 water moccasins
  5 orc warriors
  3 ice beasts
  A black bear (D:5)
  An ogre (D:6)
  2 centaurs (D:9)
  3 phantoms
  6 kobold brigands
  A scorpion (D:5)
  A bullfrog (D:6)
  8 wights
  10 killer bees (D:9)
  4 hounds
  5 jellies
  4 orc priests
  A sleepcap (D:4)
  5 iguanas
  7 orc wizards
  7 adders
  5 shadow imps (D:6)
  A white imp (D:5)
  An ufetubus (D:5)
  30 orcs
  3 ball pythons
  10 endoplasms
  3 giant cockroaches
  4 goblins
  5 hobgoblins
  8 jackals
  4 quokkas
  3 bats
  3 frilled lizards
  24 kobolds
  7 rats
195 creatures vanquished.

Vanquished Creatures (others)
  A kobold (D:9)
1 creature vanquished.

Grand Total: 196 creatures vanquished

Notes
Turn   | Place    | Note
-------+----------+-------------------------------------------
     0 | D:1      | AdnanSaban the Gargoyle Fighter began the quest for the
                  | Orb.
     0 | D:1      | Reached XP level 1. HP: 14/14 MP: 1/1
   172 | D:1      | Reached XP level 2. HP: 19/19 MP: 2/2
   366 | D:1      | You fall into a shaft and drop 1 floor!
   419 | D:2      | Reached XP level 3. HP: 24/24 MP: 3/3
  1328 | D:1      | Reached skill level 3 in Maces & Flails
  1328 | D:1      | Reached XP level 4. HP: 28/29 MP: 4/4
  1908 | D:2      | Reached XP level 5. HP: 30/33 MP: 5/5
  2032 | D:3      | Found a broken altar of Ashenzari.
  2061 | D:3      | Found a shadowy altar of Dithmenos.
  2101 | D:3      | Identified the +1 ring mail of the Feeding Gods {rElec}
  2827 | D:4      | Found an ancient bone altar of Kikubaaqudgha.
  2917 | D:4      | Noticed a phantom
  2936 | D:4      | Killed a phantom
  2937 | D:4      | Reached skill level 4 in Maces & Flails
  2937 | D:4      | Reached XP level 6. HP: 23/38 MP: 6/6
  3074 | D:4      | Found a blossoming altar of Fedhas.
  3231 | D:4      | Noticed Grinder
  3248 | D:4      | Killed Grinder
  3249 | D:4      | Reached skill level 5 in Maces & Flails
  3249 | D:4      | Reached skill level 1 in Dodging
  3249 | D:4      | Reached XP level 7. HP: 33/44 MP: 7/7
  3366 | D:5      | Entered Level 5 of the Dungeon
  3376 | D:5      | Reached skill level 5 in Armour
  3438 | D:5      | HP: 2/44 [ice beast (12)]
  3607 | D:5      | Identified the +0 leather armour of Litwocoll {Harm rElec
                  | rF+}
  3631 | D:5      | Reached skill level 6 in Maces & Flails
  3635 | D:5      | Found a staircase to the Ecumenical Temple.
  3644 | Temple   | Entered the Ecumenical Temple
  3668 | Temple   | Became a worshipper of Warmaster Okawaru
  3840 | D:5      | Reached XP level 8. HP: 46/48 MP: 8/8
  3867 | D:5      | Noticed Menkaure
  3878 | D:5      | Killed Menkaure
  4085 | D:5      | Reached skill level 5 in Fighting
  4314 | D:5      | Reached skill level 7 in Maces & Flails
  4462 | D:5      | Reached skill level 5 in Shields
  4506 | D:5      | Reached * piety under Okawaru
  4507 | D:5      | Reached skill level 1 in Throwing
  5012 | D:6      | Reached skill level 8 in Maces & Flails
  5189 | D:6      | Reached ** piety under Okawaru
  5190 | D:6      | Reached XP level 9. HP: 31/55 MP: 9/9
  6753 | D:8      | Found Paaluax's Antique Armour Emporium.
  6781 | D:8      | Reached skill level 9 in Maces & Flails
  6975 | D:7      | Reached *** piety under Okawaru
  7316 | D:8      | Noticed a hornet
  7324 | D:8      | Killed a hornet
  7454 | D:9      | Noticed a troll
  7503 | D:6      | Killed a troll
  7504 | D:6      | Reached XP level 10. HP: 38/63 MP: 10/10
  7706 | D:9      | Noticed a kobold demonologist
  7706 | D:9      | Noticed a kobold demonologist
  8374 | D:9      | Found a white marble altar of Elyvilon.
  8374 | D:9      | Found a sparkling altar of Nemelex Xobeh.
  8374 | D:9      | Found a shimmering altar of Xom.
  8442 | D:9      | Killed a kobold demonologist
  8442 | D:9      | Reached **** piety under Okawaru
  8445 | D:9      | Noticed a sixfirhy
  8463 | D:9      | Noticed a sixfirhy
  8473 | D:9      | Noticed an orange demon
  8488 | D:10     | Entered Level 10 of the Dungeon
  8488 | D:10     | Noticed a gargoyle
  8652 | D:9      | Killed a kobold demonologist
  8832 | D:10     | Killed a gargoyle
  8833 | D:10     | Reached skill level 1 in Invocations
  8869 | D:10     | Reached skill level 10 in Maces & Flails
  9147 | D:9      | Killed from afar by an acid dragon

Illustrated notes

Levels and vault maps discovered:
D:1:      elethiomel_arrival_fortress_basement, layout_loops_cross
D:2:      cheibrodos_fertilizer, layout_loops_ring
D:3:      layout_basic, mainiacjoe_overflow_large_starburst
D:4:      layout_basic, grunt_temple_overflow_growth_and_decay, uniq_grinder
D:5:      layout_cave_pools, temple_statues, uniq_menkaure
D:6:      layout_cave_pools, serial_demonic, serial_demonic_e, serial_demonic_d,
          serial_demonic_d, serial_demonic_f,
          nicolae_concentric_dashed_squares_mild
D:7:      layout_layer_cave, dk_rats_in_the_wall
D:8:      layout_rooms, serial_shops, nicolae_shop_statue_plus
D:9:      layout_roguey, chequers_temple_overflow_statue_of_worship
D:10:     layout_long_grid, marbit_many_paths, lair_entry_dummy,
          gammafunk_ghost_smash, uniq_sonja, uniq_josephine
Temple:   nicolae_temple_great_sept

Skill      XL: |  1  2  3  4  5  6  7  8  9 10 |
---------------+-------------------------------+-----
Maces & Flails | 3 4 5 6 8 9 10 | 10.0
Armour         | 4 5 6 7 8 |  8.3
Shields        | 4 5 6 7 |  7.3
Fighting       | 4 5 7 |  7.5
Dodging        | 1 |  1.5
Throwing       | 1 3 |  3.7
Invocations    | 1 |  1.8

Action                     |  1- 3 |  4- 6 |  7- 9 | 10-12 || total
---------------------------+-------+-------+-------+-------++-------
  Melee: Flail             |   130 |   136 |   432 |   243 ||   941
  Throw: Boomerang         |       |       |    61 |     3 ||    64
         Dart              |       |       |       |    22 ||    22
 Armour: Scale mail        |    38 |       |       |       ||    38
         Plate armour      |    69 |   119 |   332 |   176 ||   696
  Dodge: Dodged            |    57 |    50 |   151 |    88 ||   346
  Block: Buckler           |    39 |    29 |   109 |   183 ||   360
         Reflection        |       |       |     2 |     9 ||    11

Table legend: (Time is in decaauts)
 A = Elapsed time spent in this place.
 B = Non-inter-level travel time spent in this place.
 C = Inter-level travel time spent in this place.
 D = Time resting spent in this place.
 E = Time spent auto-exploring this place.
 F = Levels seen in this place.
 G = Mean time per level.
                   A        B        C        D        E       F      G
               +--------+--------+--------+--------+--------+-----+--------+
         Total |   9255 |   8679 |    576 |    750 |   5771 |  11 |  841.4 |
       Dungeon |   9220 |   8653 |    567 |    750 |   5771 |  10 |  922.0 |
        Temple |     35 |     26 |      9 |      0 |      0 |   1 |   35.0 |
               +--------+--------+--------+--------+--------+-----+--------+

Top non-repeatable levels by time:
     D:7: 1455 daAuts
     D:9: 1166 daAuts
     D:5: 1057 daAuts
     D:2: 1034 daAuts
     D:8: 1000 daAuts
     D:6: 911 daAuts
     D:1: 906 daAuts
     D:3: 882 daAuts
     D:4: 653 daAuts
    D:10: 153 daAuts
  Temple: 35 daAuts
